 Dungeon Crawl Stone Soup version 0.29.0-15-g675c0067aa (webtiles) character file.

Game seed: 3002444924415907130

260 qw the Shield-Bearer (level 6, -5/37 HPs)
             Began as a Gargoyle Fighter on Sept 12, 2022.
             Slain by a gnoll bouda
             ... wielding a +0 club
              (7 damage)
             ... on level 4 of the Dungeon.
             The game lasted 00:01:09 (3702 turns).

qw the Shield-Bearer (Gargoyle Fighter)             Turns: 3702, Time: 00:01:10

Health: -5/37      AC: 13    Str: 22    XL:     6   Next: 17%
Magic:  6/6        EV:  6    Int:  8    God:
Gold:   21         SH:  8    Dex:  9    Spells: 5/5 levels left

rFire   . . .      SeeInvis +   Y - +0 war axe
rCold   . . .      Faith    .   h - +0 kite shield
rNeg    + . .      Spirit   .   e - +0 chain mail
rPois   inf        Reflect  .   (no helmet)
rElec   +          Harm     .   (no cloak)
rCorr   .          Rampage  .   (no gloves)
Will    .....                   (no boots)
Stlth   ..........              (no amulet)
HPRegen 0.12/turn               b - ring of see invisible
MPRegen 0.10/turn               (no ring)

@: weakened
A: sickness immunity, AC +4, negative energy resistance 1, electricity
resistance, torment resistance 1, petrification resistance
a: no special abilities


You were on level 4 of the Dungeon.
You visited 1 branch of the dungeon, and saw 4 of its levels.

You collected 190 gold pieces.
You spent 169 gold pieces at shops.


Innate Abilities, Weirdness & Mutations

You are immune to sickness and miasma.
Your stone body is resilient. (AC +4)
You are immune to poison.
You resist negative energy. (rN+)
You are resistant to electric shocks. (rElec)
You are resistant to unholy torment.
You are immune to petrification.


   Skills:
 - Level 3.2 Fighting
 + Level 4.4 Axes
 - Level 3.2 Armour
 - Level 5.4 Shields


You had 5 spell levels left.
You didn't know any spells.
Your spell library was empty.

Inventory:

Hand Weapons
 i - a +0 eveningstar
 Y - a +0 war axe (weapon)
Armour
 c - a +0 scale mail of cold resistance
 e - a +0 chain mail (worn)
 g - a +1 pair of gloves
 h - a +0 kite shield (worn)
Jewellery
 b - a ring of see invisible (left hand)
Scrolls
 a - a scroll of identify
 f - a scroll of summoning {unknown}
 m - 2 scrolls of enchant armour
Potions
 d - 2 potions of might
 j - a potion of heal wounds
 k - a potion of lignification
 l - 3 potions of curing
 n - a potion of attraction
 q - 2 potions of cancellation

Dungeon Overview and Level Annotations

Branches:
Dungeon (4/15)
 Temple: D:4-7

Altars:
Trog

Shops:
D:2 *   D:4 !


Message History

You slash the gnoll!
The gnoll is heavily wounded.
The gnoll hits you but does no damage.
You slash the gnoll!
You kill the gnoll!
You barely miss the gnoll. You block the gnoll's attack. x2
You closely miss the gnoll bouda. You closely miss the gnoll.
You block the gnoll bouda's attack. The gnoll hits you with a +0 flail.
The gnoll closely misses you. The gnoll barely misses you.
You barely miss the gnoll bouda. You barely miss the gnoll.
The gnoll bouda hits you with a +0 club.
The gnoll closely misses you.
The gnoll hits you from afar with a +0 halberd.
The gnoll hits you from afar with a +0 spear.
The gnoll bouda barely misses you. The gnoll hits you but does no damage.
The gnoll hits you from afar with a +0 halberd!
3700 ||| DRINKING 2 potions of heal wounds.
You feel much better. The gnoll barely misses you.
The gnoll bouda hits you but does no damage.
The gnoll hits you with a +0 flail. You block the gnoll's attack.
You slash the gnoll bouda!
The gnoll bouda is heavily wounded.
You barely miss the gnoll. The gnoll hits you but does no damage.
You block the gnoll's attack.
The gnoll bouda hits you with a +0 club.
The gnoll hits you from afar with a +0 halberd.
You block the gnoll's attack.
You hit the gnoll bouda but do no damage.
The gnoll bouda is heavily wounded.
You barely miss the gnoll.
The gnoll bouda hits you with a +0 club.
The gnoll hits you but does no damage.
The gnoll hits you from afar with a +0 halberd!
The gnoll hits you but does no damage. You block the gnoll's attack.
The gnoll bouda gazes fiercely through you!
You feel your attacks grow feeble.
The gnoll bouda hits you with a +0 club!
You die...

.8##.............g...#
.####.#####.###......g .# .#
#.....#... .# .# ####..#.#. .#
#.# ##..#?# .# #.# ##...#g#
.####.# #...g#g#
~~~~~.######...g#g#
~~~~~~~~~...8..8@.#
~~~~~~~~~~~~8..8.## # ####
~~~~~~~~~~~~~..~.### #.# ###~~~
###~~~~~~~~~~..~~~~#####.###~~~~~
###.#~~~~~~..~~~~~~~##.~~~~~~~~
#...##~~~..~~~~~~~~~~~~~~~~~~
###.####~..~~~~~~~~~~~~~~~~~#
#.####8..8#~~~~~~~~~~~~~###
#.##..8..8....~~~~~~~..####


You could see a gnoll bouda and 4 gnolls.

Vanquished Creatures
  A necrophage (D:4)
  3 iguanas
  A gnoll (D:4)
  3 adders
  An ufetubus (D:4)
  2 worms
  2 dart slugs
  An orc (D:4)
  6 ball pythons
  4 endoplasms
  5 giant cockroaches
  5 goblins
  6 hobgoblins
  8 kobolds
  7 quokkas
  3 bats (D:2)
  A frilled lizard (D:1)
  4 rats
63 creatures vanquished.

Vanquished Creatures (others)
  4 plants (D:4)
4 creatures vanquished.

Grand Total: 67 creatures vanquished

Notes
Turn   | Place    | Note
-------+----------+-------------------------------------------
     0 | D:1      | qw the Gargoyle Fighter began the quest for the Orb.
     0 | D:1      | Reached XP level 1. HP: 14/14 MP: 1/1
     0 | D:1      | 0 ||| qw: Version: 0.1-a-119-g272c26d
     0 | D:1      | 0 ||| qw: Game counter: 10944
     0 | D:1      | 0 ||| qw: Always use a shield: true
     0 | D:1      | 0 ||| qw: God list: Okawaru
     0 | D:1      | 0 ||| qw: Allow faded altars: false
     0 | D:1      | 0 ||| qw: Do Orc after D:15 true
     0 | D:1      | 0 ||| qw: Do second Lair branch before Depths: true
     0 | D:1      | 0 ||| qw: Lair rune preference: random
     0 | D:1      | 0 ||| qw: Plans: Normal, Zot, God:TSO, Crypt, Tomb, Pan,
                  | Slime, Hells, Zig, Abyss, Orb
     0 | D:1      | 0 ||| PLANNING D:1-11
   149 | D:1      | 149 ||| Stepping ~*~*~tactically~*~*~ (stealth).
   155 | D:1      | Reached XP level 2. HP: 11/19 MP: 2/2
   275 | D:1      | 275 ||| Stepping ~*~*~tactically~*~*~ (stealth).
   645 | D:1      | Reached skill level 3 in Axes
   684 | D:1      | Reached XP level 3. HP: 23/23 MP: 3/3
   753 | D:1      | Found a faded altar of an unknown god.
  1093 | D:1      | 1093 ||| UPGRADING to +0 chain mail.
  1103 | D:1      | 1103 ||| DROPPING +0 scale mail.
  1104 | D:1      | 1104 ||| UPGRADING to +0 kite shield.
  1114 | D:1      | 1114 ||| DROPPING +0 buckler.
  1115 | D:1      | 1115 ||| READING 2 scrolls labelled OLACWIUMPUPH.
  1116 | D:1      | 1116 ||| READING scroll labelled CIOKKUUGGA.
  1117 | D:1      | 1117 ||| READING scroll labelled FOSHIU LAFIO.
  1465 | D:2      | 1465 ||| Stepping ~*~*~tactically~*~*~ (stealth).
  1466 | D:2      | 1466 ||| Stepping ~*~*~tactically~*~*~ (stealth).
  1511 | D:2      | Reached skill level 4 in Shields
  1576 | D:2      | Found Aggoyc's General Store.
  1586 | D:2      | 1586 ||| SHOPLISTING +3 chain mail of poison resistance
                  | (305 gold, have 94).
  1586 | D:2      | 1586 ||| BUYING scroll of identify (26 gold).
  1586 | D:2      | Bought a scroll of identify for 26 gold pieces
  1636 | D:2      | Reached XP level 4. HP: 28/28 MP: 4/4
  1991 | D:2      | 1991 ||| READING 3 scrolls labelled QUAQU VYEWK.
  1992 | D:2      | 1992 ||| READING 2 scrolls labelled ORAOCOSACKUCH.
  1993 | D:2      | 1993 ||| READING scroll labelled NIMEEM ECA.
  2094 | D:2      | 2094 ||| READING scroll labelled IGAAPPUERUV.
  2095 | D:2      | 2095 ||| DRINKING 3 grey potions.
  2096 | D:2      | 2096 ||| DRINKING 3 metallic golden potions.
  2097 | D:2      | 2097 ||| DRINKING 2 sedimented green potions.
  2098 | D:2      | 2098 ||| READING 3 scrolls of identify.
  2098 | D:2      | 2098 ||| IDENTIFYING inky potion
  2099 | D:2      | 2099 ||| READING 2 scrolls of identify.
  2099 | D:2      | 2099 ||| IDENTIFYING pink potion
  2100 | D:2      | 2100 ||| DROPPING 2 scrolls of vulnerability.
  2101 | D:2      | 2101 ||| DROPPING scroll of poison.
  2102 | D:2      | 2102 ||| DROPPING 2 potions of flight.
  2103 | D:2      | 2103 ||| DROPPING potion of degeneration.
  2104 | D:2      | 2104 ||| DROPPING potion of invisibility.
  2105 | D:2      | 2105 ||| DROPPING 2 potions of magic.
  2951 | D:3      | 2951 ||| UPGRADING to ring of see invisible.
  2952 | D:3      | 2952 ||| READING scroll labelled EMURUC HIGUCH.
  2955 | D:3      | 2955 ||| READING scroll labelled EDOTHEIL VEEXTAI.
  2956 | D:3      | 2956 ||| DRINKING 3 fuming red potions.
  2957 | D:3      | 2957 ||| DRINKING 3 glowing red potions.
  2958 | D:3      | 2958 ||| READING 3 scrolls of identify.
  2958 | D:3      | 2958 ||| IDENTIFYING fizzy yellow potion
  2959 | D:3      | 2959 ||| READING 2 scrolls of identify.
  2959 | D:3      | 2959 ||| IDENTIFYING fizzy cyan potion
  2960 | D:3      | 2960 ||| DROPPING 2 potions of brilliance.
  2975 | D:4      | 2975 ||| STAIRDANCE
  2986 | D:4      | Reached XP level 5. HP: 17/32 MP: 5/5
  2986 | D:4      | 2986 ||| STAIRDANCE
  3200 | D:4      | Identified the +3 long sword of the Sheltering Fulmar
                  | {spect, Dex+2}
  3202 | D:4      | 3202 ||| Stepping ~*~*~tactically~*~*~ (stealth).
  3288 | D:4      | Reached skill level 5 in Shields
  3400 | D:4      | 3400 ||| Stepping ~*~*~tactically~*~*~ (stealth).
  3526 | D:4      | Found a bloodstained altar of Trog.
  3560 | D:4      | Reached XP level 6. HP: 37/37 MP: 6/6
  3625 | D:4      | Found Vehyic's Distillery.
  3632 | D:4      | 3632 ||| BUYING potion of attraction (39 gold).
  3632 | D:4      | Bought a potion of attraction for 39 gold pieces
  3632 | D:4      | 3632 ||| BUYING potion of curing (39 gold).
  3632 | D:4      | Bought a potion of curing for 39 gold pieces
  3632 | D:4      | 3632 ||| SHOPLISTING potion of haste (130 gold, have 86).
  3632 | D:4      | 3632 ||| BUYING potion of heal wounds (65 gold).
  3632 | D:4      | Bought a potion of heal wounds for 65 gold pieces
  3632 | D:4      | 3632 ||| SHOPLISTING potion of might (52 gold, have 21).
  3632 | D:4      | 3632 ||| SHOPLISTING potion of mutation (104 gold, have
                  | 21).
  3685 | D:4      | 3685 ||| Stepping ~*~*~tactically~*~*~ (stealth).
  3692 | D:4      | 3692 ||| Stepping ~*~*~tactically~*~*~ (stealth).
  3693 | D:4      | 3693 ||| Stepping ~*~*~tactically~*~*~ (stealth).
  3694 | D:4      | 3694 ||| Stepping ~*~*~tactically~*~*~ (stealth).
  3699 | D:4      | HP: 8/37 [gnoll/+0 halberd[a gnoll bouda] (10)]
  3700 | D:4      | 3700 ||| DRINKING 2 potions of heal wounds.
  3702 | D:4      | HP: 2/37 [gnoll/+0 halberd[a gnoll bouda] (11)]
  3702 | D:4      | Slain by a gnoll bouda

Levels and vault maps discovered:
D:1:      psy_arrival_basics, layout_basic, basic_ecumenical_altar,
          minmay_misc_feat_iff, minmay_tetromino_o4
D:2:      layout_basic, serial_shops, shop, chequers_jeans,
          kennysheep_crisscross, minmay_small_reverse_x
D:3:      layout_loops_ring
D:4:      wander_river, layout_loops_ring, trog_butcher_becter, serial_shops,
          nicolae_shop_temple_entry_statues_fountains, nrook_uturn,
          serial_bayou_ford_a

Skill      XL: |  1  2  3  4  5 |
---------------+----------------+-----
Axes           | 2 3 4 |  4.4
Shields        | 4 5 |  5.4
Fighting       | |  3.2
Armour         | |  3.2

Action                   |  1- 3 |  4- 6 || total
-------------------------+-------+-------++-------
Melee: War axe           |   106 |    89 ||   195
  Use: Scroll            |     3 |    10 ||    13
       Potion            |       |     6 ||     6
Armor: Scale mail        |    47 |       ||    47
       Chain mail        |    11 |    41 ||    52
Dodge: Dodged            |    40 |    29 ||    69
Block: Buckler           |    11 |       ||    11
       Kite shield       |    13 |    44 ||    57

Table legend:
 A = Non-vault XP
 B = Vault XP
 C = Vault XP percentage of total XP
 D = Non-vault monster count
 E = Vault monster count
 F = Vault count percentage of total count
                 A         B        C        D         E       F
            +---------+---------+-------+---------+---------+-------
      Total |     349 |      23 |   6.2 |      52 |      11 |  17.5
            +---------+---------+-------+---------+---------+-------
        D:1 |      33 |       6 |  15.4 |      19 |       3 |  13.6
        D:2 |      44 |       8 |  15.4 |      13 |       4 |  23.5
        D:3 |      59 |       0 |   0.0 |       9 |       0 |   0.0
        D:4 |     213 |       9 |   4.1 |      11 |       4 |  26.7
            +---------+---------+-------+---------+---------+-------
